 Dungeon Crawl Stone Soup version 0.26-a0-30-g56b8cd3df0 (webtiles) character file.

Game seed: 18002247730666394436, levelgen mode: deterministic

13814 vurker the Thaumaturge (level 11, -6/64 HPs)
             Began as a Deep Elf Conjurer on May 30, 2020.
             Was an Elder of Vehumet.
             Mangled by Gastronok (29 damage)
             ... on level 2 of the Lair of Beasts.
             The game lasted 00:25:24 (15056 turns).

vurker the Thaumaturge (Deep Elf Conjurer)         Turns: 15056, Time: 00:25:25

Health: -6/64      AC: 10    Str:  5    XL:     11   Next: 80%
Magic:  4/30       EV: 13    Int: 24    God:    Vehumet [****..]
Gold:   666        SH:  5    Dex: 15    Spells: 18/37 levels left

rFire    . . .     SeeInvis +   m - +1 dagger (venom)
rCold    . . .     Gourm    .   A - +0 buckler
rNeg     . . .     Faith    .   F - +0 steam dragon scales
rPois    .         Spirit   .   q - +1 hat
rElec    .         Reflect  .   (no cloak)
rCorr    .         Harm     .   y - +0 pair of gloves
MR       ++...                  B - +2 pair of boots
Stlth    ++........             (no amulet)
HPRegen  0.20/turn              C - ring of see invisible
MPRegen  0.22/turn              c - ring of protection from magic

@: studying Earth Magic
A: no striking features
a: Renounce Religion


You were on level 2 of the Lair of Beasts.
You worshipped Vehumet.
Vehumet was greatly pleased with you.
You were hungry.

You visited 2 branches of the dungeon, and saw 13 of its levels.

You collected 666 gold pieces.

Inventory:

Hand Weapons
 m - a +1 dagger of venom (weapon)
   (You took it off an orc wizard on level 9 of the Dungeon)
Missiles
 o - a throwing net (quivered)
Armour
 a - a +0 robe
 q - a +1 hat (worn)
   (You found it on level 2 of the Dungeon)
 y - a +0 pair of gloves (worn)
   (You found it on level 5 of the Dungeon)
 A - a +0 buckler (worn)
   (You found it on level 7 of the Dungeon)
 B - a +2 pair of boots (worn)
   (You found it on level 10 of the Dungeon)
 D - a +0 kite shield of reflection
   (You took it off a gnoll sergeant on level 10 of the Dungeon)
 F - +0 steam dragon scales (worn)
   (You found it on level 11 of the Dungeon)
Jewellery
 c - a ring of protection from magic (right hand)
   (You found it on level 11 of the Dungeon)
 g - an uncursed ring of protection from magic
   (You found it on level 2 of the Dungeon)
 C - a ring of see invisible (left hand)
   (You found it on level 8 of the Dungeon)
Wands
 u - a wand of paralysis (6)
   (You found it on level 4 of the Dungeon)
 v - a wand of digging (6)
   (You found it on level 2 of the Dungeon)
Scrolls
 f - 2 scrolls of enchant armour
 h - a scroll of magic mapping
 i - a scroll of immolation
 k - 4 scrolls of teleportation
 l - 6 scrolls of remove curse
 s - 3 scrolls of blinking
 t - a scroll of fear {unknown}
 z - a scroll of enchant weapon {unknown}
 E - a scroll of amnesia
Potions
 b - 6 potions of haste
 j - 2 potions of resistance
 n - 5 potions of lignification
 p - a potion of ambrosia
 r - 6 potions of curing
 x - 2 potions of mutation
Books
 w - a manual of Earth Magic
   (You found it on level 4 of the Dungeon)
Comestibles
 e - 18 rations


   Skills:
 + Level 6.1 Fighting
 - Level 2.4 Dodging
 - Level 2.4 Stealth
 + Level 3.9 Shields
 * Level 13.5 Spellcasting
 * Level 12.2 Conjurations
 * Level 12.2 Earth Magic


You had 18 spell levels left.
You knew the following spells:

 Your Spells              Type           Power        Failure   Level  Hunger
a - Bolt of Magma         Conj/Fire/Erth ######....   1%          5    ###....
b - Searing Ray           Conj           ######       1%          2    None
c - Iskenderun's Mystic   Conj/Tloc      #####...     1%          4    None
d - Magic Dart            Conj           ####         1%          1    None
e - Spellforged Servitor  Conj/Summ      #####.....   50%         7    ######.

Your spell library contained the following spells:

 Spells                   Type           Power        Failure   Level  Hunger
 Dazzling Flash           Conj/Hex       #####.       1%          3    None
 Fulminant Prism          Conj/Hex       #####.....   1%          4    None
 Animate Skeleton         Necr           N/A          3%          1    None
 Apportation              Tloc           ###...       3%          1    None
 Corona                   Hex            ###....      3%          1    None
 Summon Small Mammal      Summ           ###.         3%          1    None
 Haunt                    Necr/Summ      ###.......   100%        7    ######.
 Borgnjor's Revivificati  Necr           ###.......   100%        8    #######
 Death's Door             Chrm/Necr      ###.......   100%        8    #######
 Infestation              Necr           ###.......   100%        8    #######
 Necromutation            Tmut/Necr      ###.......   100%        8    #######


Dungeon Overview and Level Annotations

Branches:
Dungeon (11/15)            Temple (0/1) D:7            Lair (2/6) D:10
    Orc (0/2) D:9
  Swamp: Lair:2-4    Shoals: Lair:2-4     Snake: Lair:2-4    Spider: Lair:2-4

Altars:
Dithmenos
Fedhas
Kikubaaqudgha
Makhleb
Okawaru
Qazlal
Trog
Vehumet
Wu Jian
Zin

Shops:
D:11 (

Annotations:
D:6 1 runed translucent door, Gazerockf's ghost, novice MiNe
Lair:1 exclusion: oklob plant
Lair:2 Gastronok


Message History

< or
C - a ring of see invisible > or
g - a ring of protection from magic You remove your ring of protection from magic.
c - a ring of protection from magic (right hand)
There is a stone staircase leading down here.
You climb downwards.
Found 24 stones and 18 gold pieces.
There is a stone staircase leading up here.
You now have 666 gold pieces (gained 18).
Gastronok the Ponderous comes into view.
He is wearing a +2 hat of see invisible.
Gastronok gurgles horribly!
Gastronok casts a spell.
Gastronok puts on a burst of speed!
You start waiting.
Gastronok is too close now for your liking.
Aim: Gastronok, wearing a +2 hat of see invisible (covering ground quickly)
The bolt of magma hits Gastronok!!
Gastronok bites you!!
Ouch! That really hurt!
* * * LOW HITPOINT WARNING * * *
You erupt in a blast of force!
The mystic blast hits Gastronok!
Gastronok is knocked back by the mystic blast.
Aim: Gastronok, wearing a +2 hat of see invisible (lightly wounded, covering ground quickly)
The bolt of magma hits Gastronok!!
Aim: Gastronok, wearing a +2 hat of see invisible (moderately wounded, covering ground quickly)
The bolt of magma hits Gastronok!!
Aim: Gastronok, wearing a +2 hat of see invisible (heavily wounded, covering ground quickly)
The searing ray hits Gastronok! (Press . to maintain the ray.)
The searing ray hits Gastronok!
You are feeling hungry.
The searing ray hits Gastronok.
Gastronok bites you.
* * * LOW HITPOINT WARNING * * *
The searing ray hits Gastronok!
You finish channeling your searing ray.
Aim: Gastronok, wearing a +2 hat of see invisible (severely wounded, covering ground quickly)
The searing ray hits Gastronok! (Press . to maintain the ray.)
You block Gastronok's attack.
The searing ray hits Gastronok.
The searing ray hits Gastronok!
You block Gastronok's attack.
The searing ray hits Gastronok!
You finish channeling your searing ray.
You don't have enough magic to cast that spell.
You hit Gastronok but do no damage.
Gastronok is poisoned.
Gastronok bites you!
* * * LOW HITPOINT WARNING * * *
Aim: Gastronok, wearing a +2 hat of see invisible (almost dead, covering ground quickly, very poisoned, chance to defeat MR: 6%)
Okay, then.
Unknown command.
You hit Gastronok but do no damage. You hit Gastronok but do no damage.
Gastronok looks as sick as possible!
Gastronok bites you!!
You die...

#......P......###
####.
#.........##P. .
##.##.......#..
#..........P...
###............
#............ P
##..##..... ..
#...#..#.. .#.
#....@## .#..
##..w####...P.
##.#.#.......
#...........
#.##.#......
#.#### ..... ###
.... ..w ..


You could see Gastronok (swift, extremely poisoned).

Vanquished Creatures
  A hydra (Lair:1)
  A two-headed ogre (D:9)
  An ugly thing (D:11)
  A manticore (D:9)
  An elephant (D:10)
  2 spiny frogs (Lair:1)
  2 komodo dragons (Lair:1)
  2 trolls
  A water elemental (D:11)
  21 yaks
  A steam dragon (D:11)
  An acid dragon (D:11)
  A water moccasin (Lair:1)
  2 porcupines (Lair:1)
  3 black bears
  2 orc warriors
  3 sky beasts
  4 ice beasts
  A necrophage (D:10)
  5 ogres
  9 centaurs
  3 phantoms
  2 crocodiles (D:10)
  4 big kobolds
  5 bullfrogs
  A gnoll sergeant (D:10)
  A water moccasin zombie (D:11)
  A scorpion (D:7)
  A water moccasin skeleton (D:4)
  3 killer bees (D:11)
  6 howler monkeys
  An electric eel (D:11)
  2 bullfrog zombies
  9 crimson imps
  8 hounds
  A jelly (D:5)
  2 gnoll shamans
  3 bullfrog skeletons
  A centaur zombie (D:6)
  8 orc priests
  3 centaur skeletons
  An iguana (D:5)
  11 orc wizards
  A killer bee zombie (D:6)
  12 worker ants
  A hound skeleton (D:10)
  A worker ant zombie (D:11)
  7 adders
  11 gnolls
  4 shadow imps
  3 oozes
  An adder zombie (D:7)
  4 worms
  2 dart slugs
  5 leopard geckos
  49 orcs
  7 giant cockroaches
  10 goblins
  5 hobgoblins
  13 jackals
  5 quokkas
  3 ball pythons
  5 bats
  8 frilled lizards
  17 kobolds
  A leopard gecko skeleton (D:5)
  6 rats
323 creatures vanquished.

Vanquished Creatures (others)
  A human (D:3)
  2 fungi (Lair:1)
  2 plants (Lair:1)
  A withered plant (D:6)
6 creatures vanquished.

Grand Total: 329 creatures vanquished

Notes
Turn   | Place    | Note
-------+----------+-------------------------------------------
     0 | D:1      | vurker the Deep Elf Conjurer began the quest for the Orb.
     0 | D:1      | Reached XP level 1. HP: 10/10 MP: 6/6
   190 | D:1      | Reached XP level 2. HP: 16/16 MP: 2/8
   987 | D:1      | Learned a level 2 spell: Searing Ray
   990 | D:2      | Reached XP level 3. HP: 20/20 MP: 7/10
  1081 | D:1      | Reached skill level 4 in Spellcasting
  1306 | D:2      | Reached skill level 1 in Fighting
  1306 | D:2      | Reached skill level 5 in Conjurations
  1438 | D:2      | Reached XP level 4. HP: 25/25 MP: 5/12
  2099 | D:2      | Found a glowing silver altar of Zin.
  2102 | D:2      | Found an ornate altar of the Wu Jian Council.
  2103 | D:2      | Found a burning altar of Makhleb.
  2103 | D:2      | Found a shadowy altar of Dithmenos.
  2103 | D:2      | Found a radiant altar of Vehumet.
  2105 | D:2      | Found a stormy altar of Qazlal.
  2110 | D:2      | Became a worshipper of Vehumet
  2114 | D:2      | Found a bloodstained altar of Trog.
  2241 | D:3      | Noticed an ogre
  2248 | D:3      | Killed an ogre
  2248 | D:3      | Reached skill level 5 in Spellcasting
  2248 | D:3      | Reached XP level 5. HP: 30/30 MP: 5/14
  2505 | D:3      | Found an ancient bone altar of Kikubaaqudgha.
  2505 | D:3      | Noticed a human
  2515 | D:3      | Killed a human
  3151 | D:3      | Reached XP level 6. HP: 35/35 MP: 14/16
  3358 | D:4      | Reached skill level 6 in Spellcasting
  3476 | D:4      | Reached * piety under Vehumet
  3476 | D:4      | Offered knowledge of Sandblast by Vehumet.
  3596 | D:4      | Reached XP level 7. HP: 34/40 MP: 2/19
  3646 | D:4      | Reached skill level 7 in Spellcasting
  3815 | D:4      | You fall into a shaft and drop 2 floors!
  3984 | D:5      | Entered Level 5 of the Dungeon
  4170 | D:4      | Found an ancient bone altar of Kikubaaqudgha.
  4170 | D:4      | Found a blossoming altar of Fedhas.
  4225 | D:4      | Reached skill level 8 in Spellcasting
  4339 | D:4      | Reached XP level 8. HP: 46/46 MP: 16/22
  4564 | D:5      | Reached skill level 1 in Earth Magic
  4567 | D:5      | Reached ** piety under Vehumet
  4626 | D:5      | Offered knowledge of Freeze by Vehumet.
  5000 | D:5      | Learned a level 4 spell: Iskenderun's Mystic Blast
  5054 | D:5      | Reached skill level 9 in Spellcasting
  5409 | D:5      | Found an iron altar of Okawaru.
  5564 | D:6      | Found a runed translucent door.
  5707 | D:6      | Noticed Gazerockf's ghost (novice MiNe)
  5822 | D:6      | Offered knowledge of Frozen Ramparts by Vehumet.
  6131 | D:6      | Reached *** piety under Vehumet
  6135 | D:6      | Reached XP level 9. HP: 45/52 MP: 2/24
  6414 | D:6      | Reached skill level 10 in Spellcasting
  6976 | D:7      | Reached skill level 5 in Earth Magic
  7060 | D:7      | Offered knowledge of Mephitic Cloud by Vehumet.
  7178 | D:7      | Got a fine chain mail
  7189 | D:7      | Identified the cursed +1 chain mail of the Other Side
                  | {+Blink rN+ SInv} (You found it on level 7 of the Dungeon)
  7305 | D:7      | Found a staircase to the Ecumenical Temple.
  8045 | D:8      | Reached skill level 10 in Conjurations
  8075 | D:8      | Reached **** piety under Vehumet
  8294 | D:9      | Noticed a two-headed ogre
  8300 | D:9      | Killed a two-headed ogre
  8300 | D:9      | Reached skill level 1 in Shields
  8300 | D:9      | Reached skill level 11 in Spellcasting
  8502 | D:9      | Reached XP level 10. HP: 58/58 MP: 5/27
  8856 | D:9      | Noticed a manticore
  9238 | D:9      | Found a staircase to the Orcish Mines.
  9504 | D:9      | Offered knowledge of Bolt of Magma by Vehumet.
 10030 | D:9      | Killed a manticore
 10030 | D:9      | Reached skill level 5 in Fighting
 10171 | D:9      | Found a staircase to the Orcish Mines.
 10386 | D:10     | Entered Level 10 of the Dungeon
 10651 | D:10     | Found a staircase to the Lair.
 10651 | D:10     | Noticed an elephant
 10688 | D:10     | Learned a level 5 spell: Bolt of Magma
 10716 | D:10     | Killed an elephant
 11000 | D:10     | Reached skill level 12 in Spellcasting
 11325 | D:10     | Reached skill level 10 in Earth Magic
 12032 | D:11     | Noticed a white ugly thing
 12249 | D:11     | Reached ***** piety under Vehumet
 12250 | D:11     | Killed a white ugly thing
 12250 | D:11     | Reached XP level 11. HP: 61/64 MP: 17/29
 12312 | D:11     | Offered knowledge of Spellforged Servitor by Vehumet.
 12441 | D:11     | Found a frozen archway.
 12890 | D:11     | Reached skill level 13 in Spellcasting
 13231 | D:11     | Found Quclafelab's Antique Weapon Shoppe.
 13487 | D:11     | Learned a level 7 spell: Spellforged Servitor
 13560 | Lair:1   | Entered Level 1 of the Lair of Beasts
 13731 | Lair:1   | Found an ornate altar of the Wu Jian Council.
 13731 | Lair:1   | Noticed an oklob plant
 14250 | Lair:1   | Noticed a seven-headed hydra
 14395 | Lair:1   | HP: 1/64 [seven-headed hydra (4)]
 14397 | Lair:1   | Killed a seven-headed hydra
 15028 | Lair:2   | Noticed Gastronok
 15056 | Lair:2   | Mangled by Gastronok

Illustrated notes

Levels and vault maps discovered:
D:1:      evilmike_arrival_hilbert_curve, layout_rooms, minmay_splitting_lines,
          nrook_mini_vaults, kennysheep_small_spiral
D:2:      layout_rooms, minitemple
D:3:      layout_loops_cross, tgw_kikubaaqudgha
D:4:      layout_rooms, grunt_temple_overflow_growth_and_decay,
          nrook_loot_triangle, minmay_manual_monstrance
D:5:      layout_rooms, kennysheep_mini, first_ration
D:6:      layout_basic, gammafunk_ghost_grave, minmay_misc_feat_rows
D:7:      layout_rooms, minmay_temple_entry_fiery
D:8:      layout_gridville
D:9:      layout_basic, orc_0_dummy
D:10:     layout_loops_ring, david_lair_generic, st_stairs_11
D:11:     layout_roguey, portal_ice_cave_entry_pillars_1,
          kennysheep_cluttered_room, kennysheep_windowed_goal
Lair:1:   layout_regular_city, lemuel_oklob_altar, lemuel_fruit_fields
Lair:2:   layout_layer_cave, grunt_megastairs_3, serial_bayou_shore_a,
          infiniplex_staircase_pool_2, uniq_gastronok

Skill      XL: |  1  2  3  4  5  6  7  8  9 10 11 |
---------------+----------------------------------+-----
Spellcasting   | 4 5 6 8 9 11 12 13 | 13.5
Fighting       | 1 2 3 4 5 6 |  6.1
Conjurations   | 5 6 7 9 10 11 12 | 12.2
Earth Magic    | 4 7 10 12 | 12.2
Shields        | 1 2 3 |  3.9
Dodging        | |  2.4
Stealth        | |  2.4

Action                   |  1- 3 |  4- 6 |  7- 9 | 10-12 || total
-------------------------+-------+-------+-------+-------++-------
Melee: Lajatang          |       |       |    13 |       ||    13
       Dagger            |       |       |     5 |    64 ||    69
 Cast: Magic Dart        |    55 |   114 |   226 |    27 ||   422
       Searing Ray       |     3 |    11 |    67 |    82 ||   163
       Iskenderun's Myst |       |       |     3 |    17 ||    20
       Bolt of Magma     |       |       |       |    46 ||    46
Evoke: Wand              |       |       |       |     1 ||     1
  Use: Scroll            |     3 |     7 |     7 |     2 ||    19
 Stab: Paralysed         |       |       |       |     3 ||     3
  Eat: Chunk             |     1 |     7 |    15 |    20 ||    43
       Ration            |       |       |       |     1 ||     1
Armor: Robe              |     2 |     5 |    37 |    25 ||    69
       Steam dragon scal |       |       |       |     8 ||     8
Dodge: Dodged            |    20 |     8 |    82 |    83 ||   193
Block: Buckler           |       |       |     1 |    33 ||    34

Table legend:
 A = Non-vault XP
 B = Vault XP
 C = Vault XP percentage of total XP
 D = Non-vault monster count
 E = Vault monster count
 F = Vault count percentage of total count
                 A         B        C        D         E       F
            +---------+---------+-------+---------+---------+-------
      Total |   18285 |    1450 |   7.3 |     307 |      16 |   5.0
            +---------+---------+-------+---------+---------+-------
        D:1 |      40 |       0 |   0.0 |      24 |       0 |   0.0
        D:2 |     107 |       0 |   0.0 |      22 |       0 |   0.0
        D:3 |     239 |       0 |   0.0 |      30 |       0 |   0.0
        D:4 |     697 |     245 |  26.0 |      26 |       6 |  18.8
        D:5 |     775 |       0 |   0.0 |      21 |       0 |   0.0
        D:6 |    1062 |       0 |   0.0 |      35 |       0 |   0.0
        D:7 |     557 |       0 |   0.0 |      22 |       0 |   0.0
        D:8 |     698 |       0 |   0.0 |      21 |       0 |   0.0
        D:9 |    2838 |       0 |   0.0 |      30 |       0 |   0.0
       D:10 |    2117 |    1141 |  35.0 |      27 |       7 |  20.6
       D:11 |    6099 |      64 |   1.0 |      40 |       3 |   7.0
     Lair:1 |    3056 |       0 |   0.0 |       9 |       0 |   0.0
            +---------+---------+-------+---------+---------+-------
